 Dungeon Crawl Stone Soup version 0.27-a0-1559-g299f9947c5 (webtiles) character file.

Game seed: 1543933464404503262

1255 Conn the Firebug (level 8, -7/48 HPs)
             Began as an Octopode Fire Elementalist on July 16, 2021.
             Mangled by a water moccasin (8 damage)
             ... on level 6 of the Dungeon.
             The game lasted 00:14:37 (8383 turns).

Conn the Firebug (Octopode Fire Elementalist)       Turns: 8383, Time: 00:14:39

Health: -7/48      AC:  1    Str:  7    XL:     8   Next: 51%
Magic:  8/16       EV: 13    Int: 20    God:
Gold:   197        SH:  5    Dex: 12    Spells: 1/18 levels left

rFire    + . .     SeeInvis .   b - +2 flail (protect)
rCold    + . .     Faith    .   (no shield)
rNeg     . . .     Spirit   .   (helmet restricted)
rPois    +         Reflect  +   e - amulet of reflection
rElec    +         Harm     .   (no ring)
rCorr    +         Rampage  .   (no ring)
Will     .....                  (no ring)
Stlth    ++++......             (no ring)
HPRegen  0.16/turn              (no ring)
MPRegen  0.15/turn              (no ring)
                                (no ring)
                                (no ring)

@: lethally poisoned (-7 -> -21), resistant, flying, hasted, very quick
A: almost no armour, amphibious, 8 rings, camouflage 1, gelatinous body 1,
(nimble swimmer 1), tentacles
a: no special abilities


You were on level 6 of the Dungeon.
You visited 1 branch of the dungeon, and saw 6 of its levels.

You collected 197 gold pieces.

Inventory:

Hand Weapons
 a - a +1 dagger of pain
 b - a +2 flail of protection (weapon)
Missiles
 c - 39 poisoned darts
 p - 2 datura-tipped darts (quivered)
Jewellery
 e - an amulet of reflection (around mantle)
Wands
 m - a wand of flame (17)
 o - a wand of iceblast (5)
Scrolls
 d - 2 scrolls of identify {unknown}
 g - a scroll of magic mapping {unknown}
 h - a scroll of enchant armour {unknown}
 i - 2 scrolls of teleportation {unknown}
 j - a scroll of silence {unknown}
 k - a scroll of enchant weapon {unknown}
Potions
 l - a potion of haste
 q - a potion of heal wounds {unknown}


   Skills:
 + Level 1.0 Fighting
 + Level 0.2 Maces & Flails
 + Level 2.6 Dodging
 + Level 4.5 Stealth
 + Level 0.6 Shields
 + Level 5.8 Spellcasting
 + Level 4.4 Conjurations
 + Level 0.3 Hexes
 + Level 0.3 Transmutations
 + Level 6.0 Fire Magic


You had one spell level left.
You knew the following spells:

 Your Spells              Type           Power      Damage    Failure   Level
a - Foxfire               Conj/Fire      100%       2x1d9     1%          1
b - Conjure Flame         Conj/Fire      26%        6-21      3%          3
c - Sting                 Tmut/Pois      24%        1d4       10%         1
d - Inner Flame           Hex/Fire       18%        N/A       9%          3
e - Sticky Flame          Conj/Fire      26%        2d5       12%         4
f - Fireball              Conj/Fire      13%        3d7       34%         5

Your spell library contained the following spells:

 Spells                   Type           Power      Damage    Failure   Level
 Summon Small Mammal      Summ           20%        N/A       11%         1
 Slow                     Hex            7%         N/A       14%         2
 Ensorcelled Hibernation  Hex/Ice        12%        N/A       16%         2
 Poisonous Vapours        Pois/Air       10%        N/A       16%         2
 Confusing Touch          Hex            7%         N/A       28%         3
 Spider Form              Tmut/Pois      3%         N/A       30%         3
 Summon Guardian Golem    Hex/Summ       6%         N/A       30%         3
 Call Canine Familiar     Summ           5%         N/A       32%         3
 Gell's Gravitas          Tloc           2%         N/A       32%         3
 Lesser Beckoning         Tloc           2%         N/A       32%         3
 Teleport Other           Tloc           5%         N/A       32%         3
 Olgreb's Toxic Radiance  Pois           6%         N/A       71%         4
 Yara's Violent Unravell  Hex/Tmut       3%         3d4       95%         5
 Shadow Creatures         Summ           N/A        N/A       100%        6


Dungeon Overview and Level Annotations

Branches:
Dungeon (6/15)             Temple (0/1) D:4

Altars:


Innate Abilities, Weirdness & Mutations

You cannot wear most types of armour.
You are amphibious.
You can wear up to eight rings at the same time.
Your skin changes colour to match your surroundings (Stealth+).
Your rubbery body absorbs attacks. (AC +1, EV +1)
((You are camouflaged near water. (Stealth+)))
You have tentacles for arms and can constrict up to eight enemies at once.


Message History

You are poisoned.
The water moccasin poisons you!
Unknown command.
Casting: Inner Flame (dangerous; 9% risk of failure)
Confirm with . or Enter, or press ? or * to list all spells.
Aiming: Inner Flame (dangerous; 9% risk of failure)
Press: ? - help, Shift-Dir - straight line, f/p - water moccasin
Aim: a water moccasin (chance to affect: 74%)
The water moccasin is filled with an inner flame.
You feel very sick. The water moccasin barely misses you.
The water moccasin bites you.
Unknown command.
You feel very sick.
Casting: Inner Flame (dangerous; 9% risk of failure)
Confirm with . or Enter, or press ? or * to list all spells.
Okay, then.
Unknown command.
Unknown command.
It was a potion of haste.
You feel yourself speed up.
You feel sick. The water moccasin bites you.
* * * LOW HITPOINT WARNING * * *
You are lethally poisoned!
The water moccasin poisons you! The water moccasin barely misses you.
* * * LOW HITPOINT WARNING * * *
You feel very sick.
* * * LOW HITPOINT WARNING * * *
You feel very sick.
Okay, then.
Okay, then.
It was a potion of resistance.
You feel protected.
* * * LOW HITPOINT WARNING * * *
You feel very sick.
It was a potion of flight.
You feel very buoyant.
You fly up into the air.
* * * LOW HITPOINT WARNING * * *
You feel very sick. The water moccasin bites you!
You die...

#########............#####
......))..................
##########...........#.###
.........###########.#.#
...#####.##.. .#.#
.......#.##.##########.#
....##.#.##.#..........#
###.#<....#.#.####....#
................@S....+
###.##.#..#.#.####.{..#
#....#..#.#.........# .
#########.#######.###
..### ..# #.# ..... ###
#.# ..... #.# #... #.#
#... #.. #.##


You could see a water moccasin (inner flame).

Vanquished Creatures
  Edmund (D:5)
  An orc warrior (D:4)
  A hornet zombie (D:3)
  2 sky beasts
  An ogre (D:5)
  A bullfrog (D:6)
  A scorpion (D:6)
  2 water moccasin skeletons
  2 hounds
  4 orc priests
  A scorpion zombie (D:5)
  A hound zombie (D:5)
  Robin (D:4)
  3 gnolls (D:4)
  5 adders
  A shadow imp (D:4)
  2 white imps
  An adder skeleton (D:4)
  3 worms (D:2)
  2 dart slugs
  8 orcs
  11 endoplasms
  3 giant cockroaches
  15 goblins
  10 hobgoblins
  10 jackals
  8 quokkas
  4 ball pythons
  7 bats
  6 frilled lizards
  8 kobolds
  6 rats
132 creatures vanquished.

Vanquished Creatures (others)
  An ice beast (D:6)
  An iguana (D:6)
  An ufetubus (D:6)
  447 foxfires
450 creatures vanquished.

Grand Total: 582 creatures vanquished

Notes
Turn   | Place    | Note
-------+----------+-------------------------------------------
     0 | D:1      | Conn the Octopode Fire Elementalist began the quest for the
                  | Orb.
     0 | D:1      | Reached XP level 1. HP: 11/11 MP: 3/3
   123 | D:1      | Reached XP level 2. HP: 16/17 MP: 0/5
   352 | D:1      | Found a faded altar of an unknown god.
   917 | D:1      | Reached XP level 3. HP: 10/21 MP: 0/6
  1176 | D:1      | Learned a level 3 spell: Conjure Flame
  1316 | D:1      | Learned a level 1 spell: Sting
  2002 | D:2      | Reached XP level 4. HP: 27/27 MP: 8/8
  2721 | D:3      | Reached skill level 4 in Fire Magic
  2721 | D:3      | Reached XP level 5. HP: 5/31 MP: 1/10
  4208 | D:4      | Noticed Robin
  4226 | D:4      | Reached XP level 6. HP: 31/36 MP: 8/11
  4232 | D:4      | Killed Robin
  4570 | D:3      | Learned a level 3 spell: Inner Flame
  4575 | D:3      | Learned a level 4 spell: Sticky Flame
  5019 | D:4      | Noticed a sky beast
  5031 | D:4      | Killed a sky beast
  5065 | D:4      | Reached XP level 7. HP: 19/41 MP: 3/13
  5514 | D:4      | Found a staircase to the Ecumenical Temple.
  5939 | D:5      | Entered Level 5 of the Dungeon
  5968 | D:5      | Noticed Edmund
  6141 | D:5      | Killed Edmund
  6142 | D:5      | Reached skill level 5 in Fire Magic
  6524 | D:4      | Reached XP level 8. HP: 16/46 MP: 3/15
  7127 | D:5      | Reached skill level 5 in Spellcasting
  7291 | D:5      | Learned a level 5 spell: Fireball
  7372 | D:5      | Reached skill level 1 in Fighting
  8201 | D:6      | Reached skill level 6 in Fire Magic
  8383 | D:6      | HP: 1/48 [poisoned by a water moccasin]
  8383 | D:6      | Mangled by a water moccasin

Illustrated notes

Levels and vault maps discovered:
D:1:      minmay_arrival_arboretum_small, layout_rooms,
          ebering_ecumenical_altar_box, grunt_decor_clamped
D:2:      layout_loops_ring, serial_aquarium, aquarium_bridge_straight
          [aquarium_subvault_bridge, aquarium_subvault_balcony,
          aquarium_subvault_bridge, aquarium_subvault_wall],
          aquarium_bridge_long_separate [aquarium_subvault_window,
          aquarium_subvault_bridge, aquarium_subvault_wall,
          aquarium_subvault_bridge, aquarium_subvault_bridge,
          aquarium_subvault_bridge], aquarium_window_1, aquarium_window_2,
          aquarium_window_3, aquarium_window_1, aquarium_view_2f,
          aquarium_balcony_1a, grunt_ministairs_3
D:3:      layout_loops_ring
D:4:      layout_layer_cave, minmay_temple_entry_poolview,
          minmay_misc_feat_more_columns, kennysheep_generic_room_8, uniq_robin
D:5:      layout_basic, serial_co_window_serial, co_window_of_opportunity_a,
          co_window_corner_a, co_window_corner_a, co_window_paths_b,
          co_window_paths_a, co_window_corner_b, co_window_corner_b,
          co_window_corner_ca, co_window_of_opportunity_b,
          co_window_of_opportunity_b, co_window_of_opportunity_b,
          co_window_4corner_b, glass_columns_a, uniq_edmund
D:6:      layout_basic, serial_shops, shop, nrook_mini_backslash,
          dk_noncrumbling_2, lemuel_flamethrower_2

Skill      XL: |  1  2  3  4  5  6  7  8 |
---------------+-------------------------+-----
Stealth        | 3 4 |  4.5
Spellcasting   | 3 4 5 |  5.8
Conjurations   | 2 3 4 |  4.4
Fire Magic     | 4 5 6 |  6.0
Fighting       | 1 |  1.0
Maces & Flails | |  0.2
Dodging        | |  2.6
Shields        | |  0.6
Hexes          | |  0.3
Transmutations | |  0.3

Action                   |  1- 3 |  4- 6 |  7- 9 || total
-------------------------+-------+-------+-------++-------
Melee: Constrict         |     5 |     8 |     6 ||    19
       Unarmed           |     2 |       |       ||     2
       Dagger            |    10 |    29 |       ||    39
       Tentacles         |     5 |     5 |     2 ||    12
       Flail             |       |       |    20 ||    20
Throw: Dart              |     1 |       |     2 ||     3
 Cast: Foxfire           |    65 |   110 |    74 ||   249
       Sting             |     2 |       |       ||     2
       Conjure Flame     |       |     2 |     9 ||    11
       Sticky Flame      |       |     1 |     3 ||     4
       Inner Flame       |       |       |     5 ||     5
  Use: Potion            |       |     1 |     3 ||     4
       Scroll            |       |     1 |       ||     1
 Stab: Sleeping          |     1 |     2 |     1 ||     4
Armor: Skin              |     2 |     3 |     3 ||     8
Dodge: Dodged            |    17 |    28 |    23 ||    68
Block: Other             |     4 |    10 |    10 ||    24
       Reflection        |       |       |     1 ||     1

Table legend: (Time is in decaauts)
 A = Elapsed time spent in this place.
 B = Non-inter-level travel time spent in this place.
 C = Inter-level travel time spent in this place.
 D = Time resting spent in this place.
 E = Time spent auto-exploring this place.
 F = Levels seen in this place.
 G = Mean time per level.
                   A        B        C        D        E       F      G
               +--------+--------+--------+--------+--------+-----+--------+
         Total |   8393 |   8220 |    173 |   1249 |   5400 |   6 | 1398.8 |
       Dungeon |   8393 |   8220 |    173 |   1249 |   5400 |   6 | 1398.8 |
               +--------+--------+--------+--------+--------+-----+--------+

Top non-repeatable levels by time:
     D:4: 2398 daAuts
     D:5: 1654 daAuts
     D:1: 1345 daAuts
     D:3: 1341 daAuts
     D:2: 1282 daAuts
     D:6: 371 daAuts
